 Dungeon Crawl Stone Soup version 0.28-a0-203-gf40de95187 (console) character file.

Game seed: 10897712712260156203

238 FIQ the Skirmisher (level 5, 0/40 (42) HPs)
             Began as a Demonspawn Chaos Knight on Aug 20, 2021.
             Was a Plaything of Xom.
             Slain by an orc wizard (4 damage)
             ... on level 4 of the Dungeon.
             The game lasted 00:03:55 (3513 turns).

FIQ the Skirmisher (Demonspawn Chaos Knight)        Turns: 3513, Time: 00:03:55

HP:   0/40 (42)     AC:  9    Str: 14    XL:     5   Next: 78%
MP:   5/5           EV: 12    Int: 13    God:    Xom [.*....]
Gold: 100           SH:  0    Dex: 12    Spells: 4/4 levels left

rFire   . . .      SeeInvis .   a - +0 short sword (chaos)
rCold   . . .      Faith    .   (no shield)
rNeg    . . .      Spirit   .   b - +2 leather armour
rPois   .          Reflect  .   (helmet restricted)
rElec   .          Harm     .   (no cloak)
rCorr   .          Rampage  .   l - +0 pair of gloves
Will    .....                   (no boots)
Stlth   +.........              (no amulet)
HPRegen 0.13/turn               (no ring)
MPRegen 0.09/turn               (no ring)

@: lightly drained
A: antennae 1, molten scales 2, powered by death 1
a: Renounce Religion


You were on level 4 of the Dungeon.
You worshipped Xom.
You were a plaything of Xom.
You visited 1 branch of the dungeon, and saw 4 of its levels.

You collected 100 gold pieces.

Inventory:

Hand Weapons
 a - a +0 short sword of chaos (weapon)
Armour
 b - a +2 leather armour (worn)
 l - a +0 pair of gloves (worn)
Jewellery
 c - a ring of fire
Scrolls
 d - a scroll of teleportation {unknown}
 e - a scroll of summoning {unknown}
 f - a scroll of enchant weapon {unknown}
 k - 2 scrolls of torment {unknown}
 n - a scroll of identify {unknown}
Potions
 g - a potion of attraction {unknown}
 h - 2 potions of brilliance {unknown}
 i - 2 potions of might {unknown}
 j - a potion of haste {unknown}
 m - a potion of cancellation {unknown}


   Skills:
 + Level 4.1 Fighting
 + Level 3.8 Short Blades
 + Level 3.1 Armour
 + Level 2.6 Dodging


You had 4 spell levels left.
You didn't know any spells.
Your spell library was empty.

Dungeon Overview and Level Annotations

Branches:
Dungeon (4/15)
 Temple: D:4-7

Altars:
Wu Jian

Shops:
D:1 *


Innate Abilities, Weirdness & Mutations

You have a pair of small antennae on your head.
You are mostly covered in molten scales. (AC +3)
You regenerate a little health from kills.


Message History

You kill the orc!
No target in view!
No target in view!
No target in view!
You closely miss something. Something hits you but does no damage.
You closely miss something. Something hits you but does no damage.
You miss something. Something hits you but does no damage.
You miss something.
You hear some strange, mumbled words.
A magic dart appears from out of thin air!
The magic dart hits you.
You miss something. Something hits you.
You completely miss something. Something hits you.
You miss something. Something hits you but does no damage.
You closely miss something.
You hear some strange, mumbled words.
A puff of flame appears from out of thin air!
The puff of flame hits you.
* * * LOW HITPOINT WARNING * * *
You hit something but do no damage.
You hear some strange, mumbled words.
A magic dart appears from out of thin air!
The magic dart hits you.
* * * LOW HITPOINT WARNING * * *
You barely miss something. Something hits you.
* * * LOW HITPOINT WARNING * * *
You emit a cloud of colourful smoke!
You hear some strange, mumbled words.
A puff of flame appears from out of thin air!
The puff of flame misses you.
You see here an adder corpse.
You hear some strange, mumbled words.
You are confused.
Things that are here:
a +0 whip; a +0 ring mail; a bubbling amethyst potion You're too confused to move!
Something completely misses you.
You feel less confused. Something hits you.
You die... "I guess I need a new plaything now."

### ..# #.#
#.#####.#
#.....#@##
#§§{.#
###○###>#
#...# #...
#.#.#≈#.###
#.# ##.#.#≈###
#.# ##.....≈.#
#.#
#.###.#.#..≈.#
#.#
#..........≈.#
#.#


There were no monsters in sight!

Vanquished Creatures
  2 orc priests (D:3)
  An orc wizard (D:4)
  6 adders
  A worm (D:2)
  2 dart slugs
  10 orcs
  7 ball pythons (D:1)
  5 bats
  9 endoplasms
  2 giant cockroaches
  6 goblins
  8 hobgoblins
  3 jackals (D:4)
  2 quokkas
  6 frilled lizards
  6 kobolds
  5 rats
81 creatures vanquished.

Notes
Turn   | Place    | Note
-------+----------+-------------------------------------------
     0 | D:1      | FIQ the Demonspawn Chaos Knight began the quest for the
                  | Orb.
     0 | D:1      | Reached XP level 1. HP: 18/18 MP: 1/1
    73 | D:1      | Reached skill level 1 in Dodging
   412 | D:1      | XOM: silly message
   420 | D:1      | You fall into a shaft and drop 1 floor!
   435 | D:2      | Gained mutation: You are partially covered in molten
                  | scales. (AC +2) [demonic ancestry]
   435 | D:2      | Reached XP level 2. HP: 12/24 MP: 2/2
   856 | D:1      | XOM: 2-stop teleportation journey
   935 | D:1      | XOM: 9-stop teleportation journey
   983 | D:1      | XOM: silly message
   998 | D:1      | Gained mutation: You regenerate a little health from kills.
                  | [demonic ancestry]
   998 | D:1      | Reached XP level 3. HP: 29/29 MP: 3/3
  1100 | D:1      | XOM: silly message
  1128 | D:1      | Found Wutilae's Assorted Antiques.
  1128 | D:1      | XOM: cloud trail
  1211 | D:1      | XOM: silly message
  1236 | D:1      | XOM: divination: detect items
  1367 | D:1      | XOM: silly message
  1585 | D:2      | XOM: silly message
  1644 | D:2      | XOM: divination: magic mapping
  1711 | D:2      | XOM: divination: magic mapping
  1766 | D:2      | Noticed a golden eye
  1782 | D:2      | Noticed a floating eye
  1786 | D:2      | Noticed a floating eye
  1789 | D:2      | Found a faded altar of an unknown god.
  1790 | D:2      | Noticed a golden eye
  1793 | D:2      | XOM: silly message
  1907 | D:2      | Gained mutation: You are mostly covered in molten scales.
                  | (AC +3) [demonic ancestry]
  1907 | D:2      | Reached XP level 4. HP: 35/35 MP: 4/4
  2108 | D:2      | XOM: potion effect (might)
  2396 | D:3      | XOM: silly message
  2401 | D:3      | XOM: silly message
  2534 | D:3      | Found an ornate altar of the Wu Jian Council.
  2609 | D:3      | Gained mutation: You have a pair of small antennae on your
                  | head. [demonic ancestry]
  2609 | D:3      | Reached XP level 5. HP: 18/42 MP: 5/5
  2829 | D:3      | XOM: draining
  2857 | D:3      | XOM: noise
  3106 | D:3      | XOM: god gift: leather armour {god gift}
  3195 | D:4      | Reached skill level 4 in Fighting
  3463 | D:4      | XOM: smoke on damage
  3506 | D:4      | XOM: smoke on damage
  3513 | D:4      | Slain by an orc wizard

Illustrated notes

Levels and vault maps discovered:
D:1:      heliophobic_arrival_dark_side_of_the_moon, layout_basic, serial_shops,
          nicolae_shop_competitors_out_of_business
D:2:      layout_basic, hellmonk_ecumenical_altar_watching_god
D:3:      layout_rooms, old_standard_altar
D:4:      layout_loops_ring, serial_rivers, chequers_serial_rivers_small_b,
          chequers_serial_rivers_micro_a, chequers_serial_rivers_marsh,
          chequers_serial_rivers_micro_a, chequers_serial_rivers_micro_d,
          kennysheep_generic_room_15, uniq_crazy_yiuf_cottage

Skill      XL: |  1  2  3  4  5 |
---------------+----------------+-----
Dodging        | 1 2 |  2.6
Armour         | 2 3 |  3.1
Short Blades   | 3 |  3.8
Fighting       | 4 |  4.1

Action                   |  1- 3 |  4- 6 || total
-------------------------+-------+-------++-------
Melee: Short sword       |   117 |   205 ||   322
 Stab: Confused          |     2 |       ||     2
       Paralysed         |       |     1 ||     1
Armor: Leather armour    |    58 |   128 ||   186
Dodge: Dodged            |    49 |   123 ||   172

Table legend: (Time is in decaauts)
 A = Elapsed time spent in this place.
 B = Non-inter-level travel time spent in this place.
 C = Inter-level travel time spent in this place.
 D = Time resting spent in this place.
 E = Time spent auto-exploring this place.
 F = Levels seen in this place.
 G = Mean time per level.
                   A        B        C        D        E       F      G
               +--------+--------+--------+--------+--------+-----+--------+
         Total |   3491 |   3421 |     70 |      0 |   2841 |   4 |  872.8 |
       Dungeon |   3491 |   3421 |     70 |      0 |   2841 |   4 |  872.8 |
               +--------+--------+--------+--------+--------+-----+--------+

Top non-repeatable levels by time:
     D:1: 1256 daAuts
     D:2: 1123 daAuts
     D:3: 745 daAuts
     D:4: 367 daAuts
